 Dungeon Crawl Stone Soup version 0.31-a0-618-g7ca08c1ff9 (webtiles) character file.

Game seed: 7007903308948179274

248 Buffagor the Slasher (level 6, -1/42 HPs)
             Began as a Barachi Fighter on Aug 23, 2023.
             Slain by a gnoll
             ... wielding a +2 halberd of electrocution
              (3 damage)
             ... on level 3 of the Dungeon.
             The game lasted 00:06:35 (2770 turns).

Buffagor the Slasher (Barachi Fighter)              Turns: 2770, Time: 00:06:35

Health: -1/42      AC:  8    Str: 17    XL:     6   Next: 12%
Magic:  0/6        EV:  9    Int:  9    God:
Gold:   132        SH:  4    Dex: 13    Spells: 5/5 levels left

rFire   + . .        b - +3 sling
rCold   . . .        c - +0 buckler
rNeg    . . .        i - +0 scale mail
rPois   .            (no helmet)
rElec   .            (no cloak)
rCorr   +            f - +0 pair of gloves
SInv    .            (no boots)
Will    .....        r - amulet of guardian spirit Stlth
                     p - ring of resist corrosion
HPRegen 0.27/turn    (no ring)
MPRegen 0.10/turn

%: random rage (3%), guardian spirit
@: slow
A: amphibious, slowness 1, strong legs 1, +LOS, berserk 1, fire resistance 1,
frail 1, evolution 1
a: Hop


You were on level 3 of the Dungeon.
You visited 1 branch of the dungeon, and saw 3 of its levels.

You collected 132 gold pieces.

Inventory:

Hand Weapons
 a - a +0 long sword
 b - a +3 sling (weapon)
Missiles
 j - 28 stones
 n - 4 curare-tipped darts
 o - 3 large rocks
Armour
 c - a +0 buckler (worn)
 f - a +0 pair of gloves (worn)
 i - a +0 scale mail (worn)
Jewellery
 p - a ring of resist corrosion (left hand)
 r - an amulet of guardian spirit (around neck)
Scrolls
 e - 2 scrolls of brand weapon {unknown}
 g - a scroll of immolation {unknown}
 h - 3 scrolls of identify {unknown}
 l - a scroll of silence {unknown}
 q - 2 scrolls of teleportation {unknown}
 s - a scroll of amnesia {unknown}
Potions
 d - a potion of might


   Skills:
 - Level 3.6 Fighting
 + Level 7.5 Long Blades
 - Level 3.6 Armour
 - Level 3.2 Shields


You had 5 spell levels left.
You didn't know any spells.
Your spell library contained the following spells:

 Spells                   Type           Power      Damage    Failure   Level
 Scorch                   Fire           0%         2d5       95%         2
 Flame Wave               Conj/Fire      0%         2d4       100%        4
 Summon Cactus Giant      Summ           0%         N/A       100%        6


Dungeon Overview and Level Annotations

Branches:
Dungeon (3/15)

Altars:

Annotations:
D:3 1 transporter


Innate Abilities, Weirdness & Mutations

You are amphibious.
You cover ground slowly.
You can hop short distances.
You have an extended range of vision and can be seen from far away.
You sometimes lose your temper in combat.
Your flesh is heat resistant. (rF+)
You are frail. (-10% HP)
You have hidden genetic potential.


Message History

You shoot a sling bullet.
The sling bullet barely misses the gnoll.
The gnoll closely misses you.
Fire: b) +3 sling
Press: ? - help, Q - select action, (/) - cycle Shift-Dir - straight line, f/p - gnoll
Aim: a gnoll, wielding a +2 halberd of electrocution and quivering a throwing net (63% to hit)
You shoot a sling bullet. The sling bullet hits the gnoll.
The gnoll is lightly wounded.
The gnoll throws a throwing net.
The throwing net closely misses you. The gnoll barely misses you.
Fire: b) +3 sling
Press: ? - help, Q - select action, (/) - cycle Shift-Dir - straight line, f/p - gnoll
Aim: a gnoll, wielding a +2 halberd of electrocution (lightly wounded, 63% to hit)
You shoot a sling bullet.
The sling bullet barely misses the gnoll.
The gnoll barely misses you.
Fire: b) +3 sling
Press: ? - help, Q - select action, (/) - cycle Shift-Dir - straight line, f/p - gnoll
Aim: a gnoll, wielding a +2 halberd of electrocution (lightly wounded, 63% to hit)
You shoot a sling bullet.
The sling bullet hits the gnoll but does no damage.
The gnoll is lightly wounded.
The gnoll hits you but does no damage.
The gnoll hits you from afar with a +2 halberd of electrocution.
Fire: b) +3 sling
Press: ? - help, Q - select action, (/) - cycle Shift-Dir - straight line, f/p - gnoll
Aim: a gnoll, wielding a +2 halberd of electrocution (lightly wounded, 63% to hit)
You shoot a sling bullet.
The sling bullet closely misses the gnoll.
The gnoll hits you from afar with a +2 halberd of electrocution!
The gnoll hits you from afar with a +2 halberd of electrocution.
You are electrocuted!
* * * LOW HITPOINT WARNING * * *
Fire: b) +3 sling
Press: ? - help, Q - select action, (/) - cycle Shift-Dir - straight line, f/p - gnoll
Aim: a gnoll, wielding a +2 halberd of electrocution (lightly wounded, 63% to hit)
You shoot a sling bullet. The sling bullet hits the gnoll.
The gnoll is lightly wounded.
The gnoll hits you from afar with a +2 halberd of electrocution.
You die...

##.≈≈≈≈≈≈≈≈≈≈≈≈~≈≈≈≈≈≈≈≈≈≈≈≈..#
#.≈≈≈≈≈≈≈≈≈≈≈≈~≈≈≈≈≈≈≈≈≈≈≈≈.##
####.≈≈#####...........#####≈≈.#
.....≈≈#.8.#.###.©.###.#.8W#≈≈.#
...#.≈≈#...###©#####.###..g#≈≈.##
.....≈≈###...............###≈≈...
...#.≈≈.8#.##'###g######.#8.≈≈.#.
.....≈≈.##.#...#.)8#...#.##.≈≈...
####.~~.#..'..))@©⌠#:..'..#.~~.##
#.≈≈.##.#...#.)8#?..#.##.≈≈.##
#.≈≈.8#.##'###'######.#8.≈≈..#
#.≈≈###.............g.###≈≈.#.
#.≈≈#...###g#####g###..)#≈≈.##
#.≈≈#.8.#.###.©.###.#.8.#≈≈.##
#.≈≈#####...).......#####≈≈...
#.≈≈≈≈≈≈≈≈≈≈≈...≈≈≈≈≈≈≈≈≈≈≈.##
####.≈≈≈≈≈≈≈≈≈≈≈...≈≈≈≈≈≈≈≈≈≈≈.##


You could see a gnoll.

Vanquished Creatures
  The ghost of osoart the Insei, an amateur OpSh (D:3)
  A hound (D:2)
  4 adders
  4 gnolls (D:3)
  A white imp (D:3)
  A worm (D:2)
  3 dart slugs
  4 ball pythons (D:1)
  4 endoplasms
  A giant cockroach (D:2)
  4 goblins
  2 hobgoblins
  5 jackals
  4 quokkas
  6 bats
  3 frilled lizards
  4 kobolds
  6 rats
58 creatures vanquished.

Notes
Turn   | Place    | Note
-------+----------+-------------------------------------------
     0 | D:1      | Buffagor the Barachi Fighter began the quest for the Orb.
     0 | D:1      | Reached XP level 1. HP: 18/18 MP: 1/1
   108 | D:1      | You fall into a shaft and drop 1 floor!
   202 | D:2      | Reached skill level 3 in Long Blades
   268 | D:2      | Reached XP level 2. HP: 16/24 MP: 2/2
   492 | D:2      | Reached skill level 4 in Long Blades
   505 | D:2      | Reached XP level 3. HP: 29/29 MP: 3/3
   515 | D:2      | Reached skill level 5 in Long Blades
   515 | D:2      | Reached XP level 4. HP: 30/36 MP: 4/4
  2103 | D:3      | Reached skill level 6 in Long Blades
  2192 | D:3      | Reached XP level 5. HP: 41/41 MP: 5/5
  2349 | D:3      | Found a faded altar of an unknown god.
  2470 | D:3      | Found a transporter.
  2487 | D:3      | Noticed osoart's ghost (amateur OpSh)
  2585 | D:3      | Found a transporter.
  2662 | D:3      | Killed osoart's ghost
  2663 | D:3      | Reached skill level 7 in Long Blades
  2663 | D:3      | Reached XP level 6. HP: 21/47 MP: 3/6
  2668 | D:3      | Gained mutation: Your flesh is heat resistant. (rF+)
                  | [potion of mutation]
  2668 | D:3      | Gained mutation: You are frail. (-10% HP) [potion of
                  | mutation]
  2668 | D:3      | Gained mutation: You sometimes lose your temper in combat.
                  | [potion of mutation]
  2668 | D:3      | Gained mutation: You have hidden genetic potential. [potion
                  | of mutation]
  2769 | D:3      | HP: 2/42 [gnoll/+2 halberd of electrocution (12)]
  2770 | D:3      | Slain by a gnoll

Illustrated notes

Levels and vault maps discovered:
D:1:      minmay_arrival_five_plusses, layout_basic
D:2:      layout_basic
D:3:      layout_loops_corners, gammafunk_ghost_gnarly_gnolls,
          shapermc_ecumenical_altar_gd, minmay_strange_pillars

Skill      XL: |  1  2  3  4  5 |
---------------+----------------+-----
Long Blades    | 3 4 5 6 7 |  7.5
Fighting       | |  3.6
Armour         | |  3.6
Shields        | |  3.2

Action                     |  1- 3 |  4- 6 || total
---------------------------+-------+-------++-------
  Melee: Long sword        |    59 |    86 ||   145
   Fire: Sling             |     7 |    84 ||    91
    Use: Potion            |       |     3 ||     3
 Armour: Scale mail        |    38 |    45 ||    83
         Skin              |       |    29 ||    29
  Dodge: Dodged            |    19 |    53 ||    72
  Block: Buckler           |    15 |    20 ||    35

Table legend: (Time is in decaauts)
 A = Elapsed time spent in this place.
 B = Non-inter-level travel time spent in this place.
 C = Inter-level travel time spent in this place.
 D = Time resting spent in this place.
 E = Time spent auto-exploring this place.
 F = Levels seen in this place.
 G = Mean time per level.
                   A        B        C        D        E       F      G
               +--------+--------+--------+--------+--------+-----+--------+
         Total |   3252 |   3135 |    117 |      3 |   2616 |   3 | 1084.0 |
       Dungeon |   3252 |   3135 |    117 |      3 |   2616 |   3 | 1084.0 |
               +--------+--------+--------+--------+--------+-----+--------+

Top non-repeatable levels by time:
     D:2: 1245 daAuts
     D:3: 1139 daAuts
     D:1: 867 daAuts
